 Dungeon Crawl Stone Soup version 0.30-b1-2-g02819fbbbe (webtiles) character file.

Game seed: 2925648420477911535

9266 Flibulle the Basher (level 11, -3/87 HPs)
             Began as a Formicid Fighter on July 14, 2023.
             Was a Priest of Wu Jian.
             Killed from afar by Erica (29 damage)
             ... with a lance of force
             ... on level 1 of the Orcish Mines.
             The game lasted 01:18:59 (11252 turns).

Flibulle the Basher (Formicid Fighter)             Turns: 11252, Time: 01:18:59

Health: -3/87      AC: 18    Str: 28    XL:     11   Next: 71%
Magic:  11/11      EV:  9    Int: 11    God:    Wu Jian [***...]
Gold:   544        SH:  7    Dex: 17    Spells: 10/10 levels left

rFire   . . .        e - +1 flail (heavy)
rCold   . . .        c - +0 buckler
rNeg    . . .        x - +2 chain mail {rPois}
rPois   +            (helmet unavailable)
rElec   .            r - +2 cloak
rCorr   +            n - +0 pair of gloves
SInv    +            (no boots)
Will    +....        (no amulet) Stlth
                     g - +6 ring of dexterity
HPRegen 0.34/turn    o - ring of resist corrosion
MPRegen 0.12/turn

%: no passive effects
@: no status effects
A: permanent stasis, dig shafts and tunnels, antennae 3, four strong arms,
clever 1, strong 1
a: Dig, Shaft Self, Renounce Religion, Wall Jump, Serpent's Lash


You were on level 1 of the Orcish Mines.
You worshipped Wu Jian.
Wu Jian was most pleased with you.
You visited 3 branches of the dungeon, and saw 12 of its levels.

You collected 544 gold pieces.

Inventory:

Hand Weapons
 b - a +3 sling
 e - a +1 heavy flail (weapon)
Missiles
 f - a throwing net
 m - 62 stones
 v - 3 atropa-tipped darts
 F - 21 poisoned darts (quivered)
 H - 6 boomerangs
 O - 2 boomerangs of dispersal
Armour
 c - a +0 buckler (worn)
 n - a +0 pair of gloves (worn)
 p - a +0 chain mail
 r - a +2 cloak (worn)
 w - a +0 chain mail
 x - a +2 chain mail of poison resistance (worn)
 A - a +2 cloak
 I - a +0 troll leather armour
Jewellery
 a - an amulet of the acrobat
 g - a +6 ring of dexterity (left hand)
 i - an amulet of faith
 j - a ring of magical power
 o - a ring of resist corrosion (right hand)
 q - the ring "Taxzad" {Wiz Will+}
   (You found it on level 2 of the Dungeon)

   [ring of wizardry]

   It improves your spell success rate.
   Will:      It increases your willpower.
 M - an amulet of magic regeneration
Wands
 h - a wand of digging (3)
 z - a wand of roots (17)
 D - a wand of polymorph (10)
 P - a wand of paralysis (3)
Scrolls
 y - a scroll of butterflies
 B - 2 scrolls of enchant weapon
 C - a scroll of fog
 G - a scroll of poison
 J - a scroll of magic mapping
 K - a scroll of immolation
 L - a scroll of fear
Potions
 d - 2 potions of might
 k - 2 potions of lignification
 l - a potion of heal wounds
 s - a potion of haste
 t - 3 potions of curing
 u - 2 potions of berserk rage
 E - 2 potions of cancellation
 N - a potion of attraction
 R - a potion of brilliance


   Skills:
 + Level 8.9 Fighting
 * Level 12.1 Maces & Flails
 + Level 8.9 Armour
 + Level 10.6 Shields


You had 10 spell levels left.
You didn't know any spells.
Your spell library contained the following spells:

 Spells                   Type           Power      Damage    Failure   Level
 Sting                    Tmut/Pois      0%         1d3       82%         1
 Poisonous Vapours        Pois/Air       0%         N/A       91%         2
 Ozocubu's Armour         Ice            0%         N/A       99%         3
 Olgreb's Toxic Radiance  Pois           0%         N/A       100%        4
 Metabolic Englaciation   Hex/Ice        0%         N/A       100%        5
 Summon Forest            Summ/Tloc      0%         N/A       100%        5
 Eringya's Noxious Bog    Tmut/Pois      0%         N/A       100%        6
 Simulacrum               Ice/Necr       0%         N/A       100%        6
 Summon Hydra             Summ           0%         N/A       100%        7


Dungeon Overview and Level Annotations

Branches:
Dungeon (10/15)            Temple (1/1) D:7             Orc (1/2) D:10
   Lair: D:8-11

Altars:
Ashenzari
Cheibriados
Elyvilon
Gozag
Hepliaklqana
Kikubaaqudgha
Makhleb
Nemelex Xobeh
Qazlal
Sif Muna
Trog
Vehumet
Wu Jian
Zin
The Shining One

Shops:
D:1 [   D:2 :   D:10 *

Annotations:
Orc:1 Erica


Innate Abilities, Weirdness & Mutations

You cannot be hasted, slowed, berserked, paralysed or teleported.
You can dig through walls and to a lower floor.
You have a pair of large antennae on your head. (SInv)
Your four strong arms can wield two-handed weapons with a shield.
Your mind is acute. (Int +4, Str/Dex -1)
Your muscles are strong. (Str +4, Int/Dex -1)


Message History

The warg barely misses you.
You bludgeon the warg!!
You kill the warg!
The Council accepts your kill.
The orc knight hits you but does no damage.
The warg bites you.
The orc wizard hits you but does no damage.
The orc knight hits you but does no damage.
You bludgeon the orc wizard!!
You kill the orc wizard!
The Council accepts your kill. The warg barely misses you. x2
The orc knight hits you but does no damage.
You hit the warg.
The warg is moderately wounded.
The warg bites you but does no damage.
The orc knight hits you from afar with a +0 glaive.
You closely miss Erica.
Erica is moderately wounded.
The warg bites you but does no damage. Erica gestures at you while chanting.
The bolt of poison hits you but does no damage.
You resist.
The orc knight hits you but does no damage.
The warg bites you but does no damage.
You flatten Erica like a pancake!!!
Erica is almost dead.
The warg bites you.
Erica drinks a potion.
Erica is healed!
The orc knight hits you from afar with a +0 glaive!
You bludgeon Erica!!
Erica is almost dead.
The warg bites you but does no damage. Erica gestures at you while chanting.
The bolt of poison hits you. You resist.
* * * LOW HITPOINT WARNING * * *
The orc knight barely misses you. You block the warg's attack.
You block the orc knight's attack. The ogre barely misses you.
Erica casts a spell at you. The lance of force hits you!!
You die...

......#.....##
#..#.#....... .
#...#.......#
..###..........#
..#......##..##
#.#.......$#...# #
##.........oo..##
.###.#.#.......h@O.#
..#...###..)#.##@.##
.....#.#..)..######
..............#
.......#..##.##
.....†...$.###
.....#.#..##
..#..###### ......#
#$.....#


You could see an orc knight, Erica (invisible), a warg, an ogre and an orc
wizard (strong).

Vanquished Creatures
  A two-headed ogre (D:9)
  Pikel (D:9)
  The ghost of Phaedo the Cudgeller, a novice MeCA of Ignis (D:5)
  Maurice (D:10)
  An unseen horror (D:10)
  Maggie (D:7)
  The ghost of MiniNoises the Chiller, a novice MfIE of Hepliaklqana (D:6)
  A troll (D:10)
  4 yaks (D:9)
  2 shadows
  2 wyverns
  A vampire (D:10)
  2 vampire mosquitoes (D:10)
  2 wargs (Orc:1)
  2 acid dragons
  5 water moccasins
  3 orc warriors
  A sky beast (D:6)
  5 ice beasts
  3 ogres
  A centaur (D:8)
  2 lemures (D:9)
  A phantom (D:5)
  2 kobold brigands
  6 bullfrogs
  16 wights
  4 killer bees (D:9)
  3 howler monkeys
  The ghost of Vorhees the Conjurer, a weakling DgCj (D:3)
  3 jellies
  8 hounds
  5 orc priests
  2 sleepcaps
  2 iguanas
  10 orc wizards
  8 gnolls
  11 adders
  A shadow imp (D:7)
  A white imp (D:6)
  An ufetubus (D:6)
  2 worms
  2 dart slugs (D:2)
  29 orcs
  6 bats
  6 endoplasms
  5 giant cockroaches
  10 goblins
  15 hobgoblins
  5 quokkas
  10 ball pythons
  3 frilled lizards (D:2)
  12 kobolds
  5 rats
238 creatures vanquished.

Vanquished Creatures (others)
  A fungus (D:3)
  3 plants (D:3)
4 creatures vanquished.

Grand Total: 242 creatures vanquished

Notes
Turn   | Place    | Note
-------+----------+-------------------------------------------
     0 | D:1      | Flibulle the Formicid Fighter began the quest for the Orb.
     0 | D:1      | Reached XP level 1. HP: 18/18 MP: 1/1
     2 | D:1      | Noticed an ogre
     2 | D:1      | Noticed a meteoran
     4 | D:1      | Noticed a tengu
     4 | D:1      | Noticed a human
     6 | D:1      | Noticed a vine stalker
     6 | D:1      | Noticed an armataur
     8 | D:1      | Noticed an elf
     8 | D:1      | Noticed a troll
    10 | D:1      | Noticed a minotaur
    10 | D:1      | Noticed a draconian
    12 | D:1      | Noticed a gargoyle
    14 | D:1      | Noticed an octopode
    16 | D:1      | Noticed a vampire
    16 | D:1      | Noticed a demigod
    18 | D:1      | Noticed a ghoul
    18 | D:1      | Noticed a demonspawn
    20 | D:1      | Noticed a formicid
    22 | D:1      | Noticed a merfolk
    22 | D:1      | Noticed a felid
    24 | D:1      | Noticed a naga
    27 | D:1      | Noticed a troll
    29 | D:1      | Found Osaosm's Antique Armour Boutique.
   123 | D:1      | Reached XP level 2. HP: 23/24 MP: 2/2
   188 | D:1      | Reached skill level 3 in Maces & Flails
   255 | D:1      | Reached XP level 3. HP: 16/29 MP: 3/3
  1886 | D:2      | Identified the ring "Taxzad" {Wiz Will+}
  1891 | D:2      | Reached skill level 4 in Maces & Flails
  1891 | D:2      | Reached XP level 4. HP: 34/35 MP: 4/4
  1968 | D:2      | Found Vuitag's Vocational Training.
  2764 | D:3      | Reached XP level 5. HP: 40/41 MP: 5/5
  3092 | D:3      | Found a runed translucent gate.
  3093 | D:3      | Found a runed translucent gate.
  3093 | D:3      | Noticed Vorhees's ghost (weakling DgCj)
  3093 | D:3      | Noticed a kobold brigand
  3094 | D:3      | Found a runed translucent gate.
  3316 | D:4      | Noticed an ogre
  3405 | D:4      | Reached skill level 5 in Maces & Flails
  3658 | D:4      | Reached XP level 6. HP: 42/47 MP: 6/6
  3739 | D:4      | Reached skill level 6 in Maces & Flails
  3815 | D:4      | Killed an ogre
  3999 | D:4      | Found a bloodstained altar of Trog.
  4368 | D:3      | Killed Vorhees's ghost
  4369 | D:3      | Reached XP level 7. HP: 38/53 MP: 7/7
  4547 | D:5      | Entered Level 5 of the Dungeon
  4664 | D:4      | Gained mutation: Your mind is acute. (Int +4, Str/Dex -1)
                  | [potion of mutation]
  4664 | D:4      | Gained mutation: Your muscles are strong. (Str +4, Int/Dex
                  | -1) [potion of mutation]
  4718 | D:5      | Found a radiant altar of Vehumet.
  4720 | D:5      | Found a glowing silver altar of Zin.
  4722 | D:5      | Found an ornate altar of the Wu Jian Council.
  4722 | D:5      | Found an ancient bone altar of Kikubaaqudgha.
  4777 | D:5      | Found a runed translucent door.
  4793 | D:5      | Became a worshipper of the Wu Jian Council
  4795 | D:5      | Noticed Phaedo's ghost (novice MeCA)
  4853 | D:5      | Reached skill level 5 in Shields
  4953 | D:5      | Reached skill level 7 in Maces & Flails
  4991 | D:5      | Reached XP level 8. HP: 60/61 MP: 8/8
  5692 | D:6      | Found a runed translucent gate.
  5693 | D:6      | Found a runed translucent gate.
  5696 | D:6      | Noticed a shadow
  5697 | D:6      | Noticed MiniNoises's ghost (novice MfIE)
  5709 | D:6      | Found a runed translucent gate.
  5761 | D:6      | Reached skill level 5 in Fighting
  5761 | D:6      | Reached skill level 5 in Armour
  5821 | D:6      | Reached skill level 8 in Maces & Flails
  5882 | D:6      | Reached XP level 9. HP: 61/66 MP: 9/9
  6194 | D:6      | Reached * piety under Wu Jian
  6445 | D:7      | Found a staircase to the Ecumenical Temple.
  6453 | Temple   | Entered the Ecumenical Temple
  6576 | D:7      | Reached skill level 9 in Maces & Flails
  6864 | D:7      | Noticed Maggie
  6868 | D:7      | You fall into a shaft and drop 2 floors!
  6908 | D:9      | Noticed Pikel
  6918 | D:9      | Killed Pikel
  6919 | D:9      | Reached XP level 10. HP: 65/77 MP: 10/10
  7123 | D:9      | Reached skill level 10 in Maces & Flails
  7644 | D:9      | Reached ** piety under Wu Jian
  7757 | D:9      | Noticed a two-headed ogre
  7767 | D:9      | Killed a two-headed ogre
  8414 | D:8      | Reached skill level 11 in Maces & Flails
  8492 | D:8      | Reached XP level 11. HP: 71/86 MP: 11/11
  8837 | D:8      | Reached *** piety under Wu Jian
  9502 | D:7      | Found a hazy altar of Hepliaklqana.
  9706 | D:7      | Killed Maggie
  9919 | D:6      | Killed MiniNoises's ghost
  9920 | D:6      | Reached skill level 10 in Shields
 10058 | D:5      | Killed Phaedo's ghost
 10207 | D:10     | Entered Level 10 of the Dungeon
 10627 | D:10     | Noticed Maurice
 10644 | D:10     | Killed Maurice
 10903 | D:10     | Found a staircase to the Orcish Mines.
 10955 | D:10     | Reached skill level 12 in Maces & Flails
 11126 | D:10     | Found Ydwuw's Serpentskin Sales.
 11218 | Orc:1    | Entered Level 1 of the Orcish Mines
 11218 | Orc:1    | Noticed an orc knight
 11234 | Orc:1    | Noticed Erica
 11252 | Orc:1    | Killed from afar by Erica

Illustrated notes

Levels and vault maps discovered:
D:1:      kb_arrival_jail, layout_rooms, serial_shops, shop,
          minmay_close_crescents
D:2:      layout_basic, nicolae_shop_vocational
D:3:      layout_basic, gammafunk_ghost_nasty_kobolds, hex_intersection
D:4:      layout_gridville, general_overflow_altar
D:5:      layout_basic, grunt_temple_overflow_open, ebering_ghost_sewer_d
D:6:      layout_basic, gammafunk_ghost_split, minmay_circle_x
D:7:      layout_loops_ring, nzn_hepliaklqana_mist_gate,
          minmay_temple_entry_statues_pillars, uniq_maggie
D:8:      layout_gridville, kennysheep_generic_room_6
D:9:      layout_basic, uniq_pikel
D:10:     layout_roguey, orc_0_dummy, enter_bailey_4, minivault_26,
          guppyfry_shop_venom, uniq_maurice
Temple:   compressed_dpeg_triangle_lava_temple
Orc:1:    layout_caves, uniq_erica

Skill      XL: |  1  2  3  4  5  6  7  8  9 10 11 |
---------------+----------------------------------+-----
Maces & Flails | 3 4 5 6 7 8 9 11 12 | 12.1
Armour         | 4 5 6 7 8 |  8.9
Fighting       | 4 5 6 7 8 |  8.9
Shields        | 5 6 8 9 10 | 10.6

Action                     |  1- 3 |  4- 6 |  7- 9 | 10-12 || total
---------------------------+-------+-------+-------+-------++-------
  Melee: Flail             |   104 |   150 |   197 |   247 ||   698
  Throw: Dart              |       |       |       |     3 ||     3
Ability: Dig               |     4 |       |     1 |       ||     5
         Lunge             |       |       |    12 |    19 ||    31
         Shaft Self        |       |       |     1 |       ||     1
         Whirlwind         |       |       |       |     7 ||     7
         Wall Jump         |       |       |       |     1 ||     1
  Evoke: Wand              |       |     3 |       |       ||     3
    Use: Scroll            |       |       |    11 |     9 ||    20
         Potion            |       |       |     4 |       ||     4
 Armour: Scale mail        |    29 |       |       |       ||    29
         Chain mail        |     8 |    50 |   106 |   137 ||   301
         Skin              |       |    27 |    14 |       ||    41
  Dodge: Dodged            |    47 |    47 |    63 |   100 ||   257
  Block: Buckler           |    29 |    52 |    47 |    80 ||   208
